 Dungeon Crawl Stone Soup version 0.23.1-37-gaa34b87b72 (webtiles) character file.

Game seed: 937938249406904932

140 Chiseanne the Covered (level 5, -1/38 HPs)
             Began as a Mummy Wanderer on Mar 20, 2019.
             Slain by a worker ant (7 damage)
             ... on level 4 of the Dungeon.
             The game lasted 00:06:36 (3809 turns).

Chiseanne the Covered (Mummy Wanderer)              Turns: 3809, Time: 00:06:37

Health: -1/38      AC:  6    Str: 14    XL:     5   Next: 2%
Magic:  5/5        EV: 10    Int: 11    God:
Gold:   125        SH:  5    Dex: 14    Spells: 4/4 levels left

rFire    x . .     SeeInvis .   v - +0 long sword
rCold    + . .     Gourm    .   d - +1 buckler
rNeg     + + +     Faith    .   c - +0 ring mail
rPois    ∞         Spirit   .   i - +1 hat
rElec    .         Reflect  .   (no cloak)
rCorr    .         Harm     .   (no gloves)
MR       .....                  (no boots)
Stlth    +.........             (no amulet)
HPRegen  0.12/turn              n - ring of wizardry
MPRegen  0.09/turn              (no ring)

@: no status effects
A: no food or potions, fire vulnerability, cold resistance 1, negative energy
resistance 3, torment resistance, unbreathing
a: no special abilities


You were on level 4 of the Dungeon.
You were not hungry.

You visited 1 branch of the dungeon, and saw 4 of its levels.

You collected 125 gold pieces.

Inventory:

Hand Weapons
 a - a +0 short sword
 f - a +0 trident of piercing
 s - a +0 hand axe
 u - a +0 mace
 v - a +0 long sword (weapon)
 w - a +2 blowgun
Missiles
 b - 2 curare-tipped needles
 g - 15 poisoned needles
 h - 92 stones (quivered)
 j - 12 tomahawks
 l - 5 needles of frenzy
 o - 6 tomahawks of returning
 q - 15 bolts
 r - 61 arrows
Armour
 c - a +0 ring mail (worn)
 d - a +1 buckler (worn)
 i - a +1 hat (worn)
Magical Staves
 t - a cursed staff of air {unknown}
Jewellery
 n - a ring of wizardry (left hand)
Scrolls
 e - 7 scrolls of identify


   Skills:
 * Level 2.1 Fighting
   Level 1.0 Bows
 * Level 1.9 Throwing
 * Level 3.0 Armour
 * Level 1.5 Dodging
 * Level 2.0 Shields
   Level 2.4 Translocations


You had 4 spell levels left.
You didn't know any spells.
Your spell library contained the following spells:

 Spells                   Type           Power        Failure   Level  Hunger
 Summon Small Mammal      Summ           #...         32%         1    N/A
 Call Imp                 Summ           #.......     45%         2    N/A
 Call Canine Familiar     Summ           #.......     69%         3    N/A
 Summon Guardian Golem    Hex/Summ       #.......     69%         3    N/A
 Summon Ice Beast         Ice/Summ       #.......     96%         4    N/A
 Summon Lightning Spire   Summ/Air       #.......     96%         4    N/A

Dungeon Overview and Level Annotations

Branches:
Dungeon (4/15)
 Temple: D:4-7

Altars:
Ashenzari

Annotations:
D:2 Terence


Innate Abilities, Weirdness & Mutations

You do not eat or drink.
Your flesh is vulnerable to fire.
You are immune to poison.
Your flesh is cold resistant. (rC+)
You are immune to negative energy. (rN+++)
You are immune to unholy pain and torment.
You can survive without breathing.


Message History

You block the worker ant's attack. The giant cockroach bites you.
* * * LOW HITPOINT WARNING * * *
The worker ant bites you.
* * * LOW HITPOINT WARNING * * *
You hit the worker ant.
The worker ant is moderately wounded.
The giant cockroach bites you but does no damage.
The worker ant barely misses you. The giant cockroach barely misses you.
You block the worker ant's attack.
You hit the worker ant but do no damage.
The worker ant is moderately wounded.
The giant cockroach barely misses you. The worker ant bites you.
* * * LOW HITPOINT WARNING * * *
You block the giant cockroach's attack.
You hit the worker ant.
The worker ant is heavily wounded.
The worker ant barely misses you.
You riposte.
You closely miss the worker ant.
The worker ant is heavily wounded.
The giant cockroach misses you. The worker ant bites you!
You die...

.≈.≈ .P.≈
...♣P ..#..
......
.....####
#...@# #..as#
#...#.#
#........
#.......#...
#.......#.....
##....#.. ..#.
##...#.. .#
##.. .. ..


You could see a worker ant and a giant cockroach.

Vanquished Creatures
  A hound zombie (D:3)
  3 adders
  2 oozes (D:1)
  3 worms
  2 dart slugs
  11 orcs (D:3)
  A ball python (D:1)
  3 giant cockroaches
  A goblin (D:3)
  7 hobgoblins
  2 jackals (D:3)
  2 quokkas (D:3)
  7 bats
  7 frilled lizards
  8 kobolds
  A leopard gecko skeleton (D:4)
  9 rats
70 creatures vanquished.

Notes
Turn   | Place    | Note
-------+----------+-------------------------------------------
     0 | D:1      | Chiseanne the Mummy Wanderer began the quest for the Orb.
     0 | D:1      | Chiseanne set off with the following items: a +2 blowgun, 2
                  | curare-tipped needles, a +0 ring mail, a +0 buckler
     0 | D:1      | Reached XP level 1. HP: 15/15 MP: 1/1
   388 | D:1      | Reached XP level 2. HP: 4/21 MP: 2/2
   767 | D:1      | Found a shattered altar of Ashenzari.
  1046 | D:1      | Reached XP level 3. HP: 23/26 MP: 3/3
  1772 | D:2      | Noticed Terence
  1852 | D:3      | Reached skill level 1 in Dodging
  2810 | D:3      | Reached XP level 4. HP: 32/33 MP: 4/4
  3801 | D:4      | Reached skill level 3 in Armour
  3806 | D:4      | Reached XP level 5. HP: 11/38 MP: 5/5
  3809 | D:4      | Slain by a worker ant

Skill      XL: |  1  2  3  4 |
---------------+-------------+-----
Dodging        | 1 |  1.5
Fighting       | 2 |  2.1
Armour         | 3 |  3.0
Shields        | 2 |  2.0
Bows           | |  1.0
Throwing       | |  1.9
Translocations | |  2.4

Action                   |  1- 3 |  4- 6 || total
-------------------------+-------+-------++-------
Melee: Dagger            |    64 |       ||    64
       Short sword       |   129 |       ||   129
       Hand axe          |    62 |    17 ||    79
       Long sword        |       |    65 ||    65
 Fire: Blowgun           |     1 |       ||     1
  Use: Scroll            |     4 |     5 ||     9
Armor: Ring mail         |   126 |    49 ||   175
Dodge: Dodged            |   158 |    65 ||   223
Block: Buckler           |    52 |    22 ||    74
       Rpst.: Long sword |       |    12 ||    12
